 Dungeon Crawl Stone Soup version 0.30-a0-739-gea05faddec (webtiles) character file.

Game seed: 3816450014748931560

94 KleinerIrrer the Trooper (level 4, -2/52 HPs)
             Began as an Ogre Fighter on Feb 4, 2023.
             Splashed by a jelly's acid (9 damage)
             ... on level 4 of the Dungeon.
             The game lasted 00:03:25 (2451 turns).

KleinerIrrer the Trooper (Ogre Fighter)             Turns: 2451, Time: 00:03:25

Health: -2/52      AC: -9    Str: 22    XL:     4   Next: 63%
Magic:  4/4        EV:  8    Int:  9    God:
Gold:   168        SH: 13    Dex: 10    Spells: 3/3 levels left

rFire   . . .      SeeInvis .    w - +8 dagger "Konneet" {heavy, rPois rC- rN++ Dex-4}
rCold   x . .      Faith    .    c - +0 kite shield
rNeg    + + +      Spirit   .    b - +0 robe
rPois   +          Reflect  +    (helmet restricted)
rElec   .          Harm     .    (no cloak)
rCorr   .          Rampage  .    (gloves unavailable)
Will    .....                    (boots unavailable)
Stlth   +                        u - amulet "Cofaleci" {Reflect rN+ SH+5}
HPRegen 0.28/turn                l - +6 ring of dexterity
MPRegen 0.09/turn                (no ring)

@: corroded
A: large, unfitting armour, tough skin 1
a: no special abilities


You were on level 4 of the Dungeon.
You visited 1 branch of the dungeon, and saw 4 of its levels.

You collected 168 gold pieces.

Inventory:

Hand Weapons
 a - a +0 flail
 h - a +0 vampiric whip
 w - the +8 dagger "Konneet" (weapon) {heavy, rPois rC- rN++ Dex-4}
   (You found it on level 4 of the Dungeon)

   Dex:       It affects your dexterity (-4).
   rC:        It makes you vulnerable to cold.
   rPois:     It protects you from poison.
   rN:        It greatly protects you from negative energy.
Missiles
 i - 7 boomerangs (quivered)
Armour
 b - a +0 robe (worn)
 c - a +0 kite shield (worn)
Jewellery
 l - a +6 ring of dexterity (left hand)
 u - the amulet "Cofaleci" (around neck) {Reflect rN+ SH+5}
   (You found it on level 3 of the Dungeon)

   [amulet of reflection]

   It reflects blocked missile attacks.
   rN:        It protects you from negative energy.
   SH:        It affects your SH (+5).
Wands
 o - a wand of iceblast (9)
Scrolls
 e - a scroll of vulnerability {unknown}
 f - a scroll of noise {unknown}
 g - a scroll of amnesia {unknown}
 j - 3 scrolls of teleportation {unknown}
 p - 2 scrolls of identify {unknown}
 r - 3 scrolls of fear {unknown}
 s - a scroll of blinking {unknown}
 t - a scroll of summoning {unknown}
Potions
 d - 4 potions of might
 k - 2 potions of curing {unknown}
 m - a potion of flight {unknown}
 n - a potion of mutation {unknown}
 q - a potion of berserk rage {unknown}
 v - a potion of cancellation {unknown}


   Skills:
 + Level 5.6 Fighting
 + Level 3.2 Maces & Flails
 - Level 2.6 Dodging
 - Level 3.0 Shields


You had 3 spell levels left.
You didn't know any spells.
Your spell library contained the following spells:

 Spells                   Type           Power      Damage    Failure   Level
 Sandblast                Erth           0%         2d4       67%         1
 Passwall                 Tmut/Erth      0%         N/A       82%         2
 Stone Arrow              Conj/Erth      0%         3d7       96%         3


Dungeon Overview and Level Annotations

Branches:
Dungeon (4/15)
 Temple: D:4-7

Altars:
Trog


Innate Abilities, Weirdness & Mutations

You are too large for most types of armour.
You have tough skin. (AC +1)


Message History

Items here: ))) †.
The jelly quivers.
The jelly hits you.
You are splashed with acid!
You barely miss the jelly. The jelly completely misses you.
You hit the jelly but do no damage.
Your hands burn!
The jelly hits you but does no damage.
You hit the jelly.
Your hands burn!
The jelly is moderately wounded.
You block the jelly's attack.
You hit the jelly.
You feel better.
Your hands burn!
The jelly is heavily wounded.
The jelly hits you.
You are splashed with acid.
You block the jelly's attack.
You whack the jelly! The acid corrodes you!
Your hands burn!
The jelly is almost dead.
The jelly hits you. The acid corrodes you!
You are splashed with acid!
* * * LOW HITPOINT WARNING * * *
Okay, then.
Okay, then.
The jelly attacks as you move away! You block the jelly's attack.
Items here: ))) †.
The jelly attacks as you move away! You block the jelly's attack.
The jelly attacks as you move away! The jelly closely misses you.
The jelly attacks as you move away! You block the jelly's attack.
The jelly attacks as you move away! You block the jelly's attack.
The jelly attacks as you move away! The jelly hits you. The acid corrodes you!
You are splashed with acid!
* * * LOW HITPOINT WARNING * * *
You see here a +0 mace.
The jelly attacks as you move away! You block the jelly's attack.
The jelly attacks as you move away! You block the jelly's attack.
You feel the dreadful sensation subside.
You feel clumsy.
w - the +8 dagger "Konneet" (weapon)
{heavy, rPois rC- rN++ Dex-4} You hit the jelly but do no damage.
Your hands burn!
* * * LOW HITPOINT WARNING * * *
The jelly is almost dead.
The jelly hits you.
* * * LOW HITPOINT WARNING * * *
You are splashed with acid!
You die...

#.####.♣P.~♣ ...........#
#.####..†..# #.####.....#
#.....##.##### ### .#######
#####)##)# #.# #.. ......
#.##.# #..###.# ####...####
#J##.# #.#.#.#### .....>....#
#@##.# #.........
##.<......######.##.#
###...####
#..†.............##.#######.##
##........####.####.........#
###.....#.# #.# ###########
###....##.# #.# .)..#.###.#
#.# .))...# #.# #.# #######
#[# #.#


You could see a jelly.

Vanquished Creatures
  3 gnolls (D:4)
  9 orcs
  6 ball pythons
  4 bats
  4 endoplasms
  2 giant cockroaches
  3 goblins
  7 hobgoblins
  2 jackals (D:1)
  5 kobolds
  2 quokkas
  3 frilled lizards
  A rat (D:1)
51 creatures vanquished.

Vanquished Creatures (others)
  3 plants (D:4)
3 creatures vanquished.

Grand Total: 54 creatures vanquished

Notes
Turn   | Place    | Note
-------+----------+-------------------------------------------
     0 | D:1      | KleinerIrrer the Ogre Fighter began the quest for the Orb.
     0 | D:1      | Reached XP level 1. HP: 24/24 MP: 1/1
   169 | D:1      | Reached XP level 2. HP: 31/33 MP: 2/2
   753 | D:2      | Reached XP level 3. HP: 41/41 MP: 3/3
   866 | D:2      | Found a bloodstained altar of Trog.
  1486 | D:3      | Reached skill level 5 in Fighting
  1635 | D:3      | Identified the amulet "Cofaleci" {Reflect rN+ SH+5}
  2271 | D:3      | Found a faded altar of an unknown god.
  2313 | D:4      | Reached XP level 4. HP: 43/50 MP: 4/4
  2380 | D:4      | Identified the +8 dagger "Konneet" {heavy, rPois rC- rN++
                  | Dex-4}
  2451 | D:4      | Splashed by a jelly's acid

Illustrated notes

Levels and vault maps discovered:
D:1:      minmay_arrival_loop, layout_basic
D:2:      layout_basic, basic_altar
D:3:      layout_basic, serial_rivers, chequers_serial_rivers_micro_b,
          chequers_serial_rivers_micro_d, chequers_serial_rivers_micro_a,
          chequers_serial_rivers_micro_d,
          dreamdust_ecumenical_altar_hidden_monk_grotto,
          kennysheep_generic_room_15
D:4:      layout_loops_ring, fedhas_altar_2, minmay_temple_entry_large_hall,
          serial_bayou_crossing

Skill      XL: |  1  2  3  4 |
---------------+-------------+-----
Maces & Flails | 2 3 |  3.2
Fighting       | 5 |  5.6
Dodging        | |  2.6
Shields        | |  3.0

Action                     |  1- 3 |  4- 6 || total
---------------------------+-------+-------++-------
  Melee: Flail             |    36 |       ||    36
         Whip              |    90 |    31 ||   121
         Dagger            |       |     1 ||     1
   Stab: Sleeping          |     1 |       ||     1
 Armour: Robe              |    23 |     2 ||    25
  Dodge: Dodged            |    47 |    10 ||    57
  Block: Kite shield       |    69 |    27 ||    96

Table legend: (Time is in decaauts)
 A = Elapsed time spent in this place.
 B = Non-inter-level travel time spent in this place.
 C = Inter-level travel time spent in this place.
 D = Time resting spent in this place.
 E = Time spent auto-exploring this place.
 F = Levels seen in this place.
 G = Mean time per level.
                   A        B        C        D        E       F      G
               +--------+--------+--------+--------+--------+-----+--------+
         Total |   2475 |   2438 |     37 |     42 |   1989 |   4 |  618.8 |
       Dungeon |   2475 |   2438 |     37 |     42 |   1989 |   4 |  618.8 |
               +--------+--------+--------+--------+--------+-----+--------+

Top non-repeatable levels by time:
     D:2: 849 daAuts
     D:3: 839 daAuts
     D:1: 620 daAuts
     D:4: 166 daAuts
